AoeStats
← sethbader85

Arabia

504118592Analyzed
2v2 RM · 28d ago on Sep 4, 2026· 29m 53s· 4 players
Game mode
Random Map
Map size
Medium (4 player)
Population
200
Speed
Normal
Resources
Standard
Victory
Conquest
Starting age
Dark Age
Ending age
Imperial Age
RankedLock teamsTeams togetherTeam positionsShared explorationLock speedFull tech treeHidden civsTurbo modeCheats
Victory
Defeat
🇺🇸 Malians · United States
1128
+12
🇺🇸 Magyars · United States
865
+24
🇺🇸 Aztecs · United States
1054
-19
🇺🇸 Italians · United States
1014
-17
Hughes80
3:58 Loom
11:16 Feudal Age
11:23 Man-at-Arms
12:14 Horse Collar
15:28 Double-Bit Axe
21:36 Castle Age
20:18 Forging
20:10 Scale Mail Armor
21:48 Long Swordsman
22:29 Squires
24:32 Chain Mail Armor
24:54 Iron Casting
sethbader85
12:00 Feudal Age
10:22 Loom
15:46 Double-Bit Axe
16:38 Bloodlines
17:12 Scale Mail Armor
23:17 Castle Age
21:29 Scale Barding Armor
21:21 Horse Collar
22:21 Fletching
22:31 Padded Archer Armor
24:59 Thumb Ring
26:17 Husbandry
27:22 Bodkin Arrow
KING ROMA
8:05 Loom
10:12 Feudal Age
11:27 Double-Bit Axe
11:44 Man-at-Arms
15:26 Scale Mail Armor
19:28 Gold Mining
21:47 Castle Age
20:09 Fletching
21:10 Horse Collar
22:23 Padded Archer Armor
22:14 Crossbowman
22:25 Crossbowman
23:16 Bodkin Arrow
Spaceman Spiff
2:36 Loom
10:11 Feudal Age
19:50 Castle Age
18:08 Double-Bit Axe
18:07 Horse Collar
18:41 Gold Mining
19:14 Fletching
19:36 Stone Mining
20:29 Scale Mail Armor
20:18 Pikeman
21:34 Forging
21:30 Squires
21:58 Crossbowman
23:15 Arson
23:33 Padded Archer Armor
24:35 Wheelbarrow
25:26 Bow Saw
25:43 Bodkin Arrow
27:08 Chain Mail Armor
28:28 Iron Casting
28:57 Heavy Plow
30:21 Leather Archer Armor
Connection lost

Rejoining the realm…

Still unreachable

The connection could not be restored.

Session expired

The server has moved on; the page needs a fresh start.